General information
- name: BNet
- type: Ladder team game (AT/RT)
- host: Battle.net
- saver: MrGrinch
map: Deathknell
- players: 8
- length: 43:07
- speed: Fast
- version: 1.26 W3XP
- replay type: Public
» download(352 KB)
Players
team 1 (winner)

»
JackSoloFK (
purple | 115 APM | 3363 actions | 29:21)
4 Archmage
2 Blizzard
2 Brilliance Aura
4 Blood Mage
2 Flame Strike
2 Siphon Mana
» actions
| Assign group hotkey | 42 | |
| Basic commands | 131 | |
| Build / train | 69 | |
| Enter build submenu | 25 | |
| Enter hero's abilities submenu | 8 | |
| Remove unit from queue | 1 | |
| Right click | 1576 | |
| Select / deselect | 623 | |
| Select group hotkey | 820 | |
| Use ability | 68 | |
3363 total
» units
| Peasant | 10 | |
| Priest | 5 | |
| Spell Breaker | 7 | |
| Mortar Team | 9 | |
| Goblin Zeppelin | 1 | |
32 total
» upgrades
| Lumber Harvesting | 1 | |
| Sorceress Training | 1 | |
| Priest Training | 3 | |
| Fragmentation Shards | 1 | |
| Gunpowder | 2 | |
| Plating | 2 | |
10 total
» buildings
| Altar of Kings | 1 | |
| Lumber Mill | 1 | |
| Farm | 13 | |
| Keep | 3 | |
| Scout Tower | 3 | |
| Blacksmith | 1 | |
| Arcane Vault | 1 | |
| Arcane Tower | 1 | |
| Arcane Sanctum | 2 | |
| Workshop | 1 | |
| Castle | 2 | |
| Guard Tower | 1 | |
30 total
» build order
00:08 Altar of Kings
00:21 Lumber Mill
00:34 Farm
00:49 Farm
02:04 Keep
02:04 Keep
02:04 Keep
02:16 Scout Tower
02:34 Blacksmith
02:39 Arcane Vault
03:06 Arcane Tower
03:09 Farm
04:19 Farm
04:30 Arcane Sanctum
04:48 Arcane Sanctum
06:18 Workshop
08:37 Scout Tower
08:40 Scout Tower
08:43 Castle
08:43 Castle
09:40 Guard Tower
10:39 Farm
12:27 Farm
12:28 Farm
12:52 Farm
17:18 Farm
17:19 Farm
17:44 Farm
18:21 Farm
20:29 Farm
» items
| Scroll of Town Portal | 2 | |
| Lesser Clarity Potion | 1 | |
3 total

»
lordofpringles (
teal | 36 APM | 1190 actions | 33:17)
4 Demon Hunter
2 Mana Burn
2 Evasion
2 Naga Sea Witch
1 Frost Arrows
1 Forked Lightning
» actions
| Assign group hotkey | 27 | |
| Basic commands | 12 | |
| Build / train | 69 | |
| Enter build submenu | 25 | |
| Enter hero's abilities submenu | 7 | |
| Right click | 518 | |
| Select / deselect | 304 | |
| Select group hotkey | 154 | |
| Use ability | 73 | |
1190 total
» units
| Wisp | 22 | |
| Archer | 5 | |
| Huntress | 2 | |
| Druid of the Talon | 6 | |
| Dryad | 5 | |
| Chimaera | 4 | |
44 total
» upgrades
| Strength of the Wild | 3 | |
| Abolish Magic | 1 | |
| Druid of the Talon Training | 2 | |
| Reinforced Hides | 1 | |
| Mark of the Talon | 1 | |
| Corrosive Breath | 1 | |
9 total
» buildings
| Altar of Elders | 1 | |
| Moon Well | 8 | |
| Ancient of War | 1 | |
| Hunter's Hall | 1 | |
| Ancient Protector | 3 | |
| Tree of Ages | 1 | |
| Ancient of Lore | 1 | |
| Ancient of Wind | 1 | |
| Tree of Life | 3 | |
| Tree of Eternity | 1 | |
| Chimaera Roost | 1 | |
| Ancient of Wonders | 1 | |
23 total
» build order
00:10 Altar of Elders
00:19 Moon Well
00:56 Ancient of War
01:43 Hunter's Hall
02:08 Moon Well
02:21 Moon Well
02:52 Ancient Protector
03:46 Moon Well
04:14 Tree of Ages
04:41 Ancient Protector
05:13 Moon Well
06:42 Ancient of Lore
06:44 Ancient of Wind
08:01 Tree of Life
09:08 Tree of Eternity
12:17 Tree of Life
12:30 Ancient Protector
12:43 Chimaera Roost
15:03 Ancient of Wonders
15:18 Moon Well
15:22 Tree of Life
16:43 Moon Well
25:21 Moon Well
» items
| Scroll of Town Portal | 3 | |
| Scroll of Speed | 2 | |
| Healing Salve | 1 | |
6 total
SurpriseXmasGft (
pink | 102 APM | 4398 actions | 43:07)
8 Blademaster
3 Wind Walk
3 Critical Strike
1 Bladestorm
1 Mirror Image
» actions
| Assign group hotkey | 132 | |
| Basic commands | 10 | |
| Build / train | 151 | |
| ESC pressed | 19 | |
| Enter build submenu | 66 | |
| Enter hero's abilities submenu | 8 | |
| Give item / drop item | 12 | |
| Right click | 2255 | |
| Select / deselect | 486 | |
| Select group hotkey | 879 | |
| Use ability | 380 | |
4398 total
» units
| Peon | 16 | |
| Grunt | 14 | |
| Goblin Shredder | 3 | |
| Wind Rider | 17 | |
| Troll Batrider | 5 | |
| Goblin Zeppelin | 2 | |
57 total
» upgrades
| Berserker Strength | 1 | |
| Armor | 3 | |
| Ranged Weapons | 4 | |
| Pillage | 1 | |
| Reinforced Defenses | 1 | |
| Envenomed Spears | 1 | |
| Spiked Barricades | 3 | |
| Masonry | 1 | |
15 total
» buildings
| Orc Burrow | 7 | |
| Altar of Storms | 1 | |
| Barracks | 1 | |
| Voodoo Lounge | 1 | |
| Stronghold | 2 | |
| War Mill | 1 | |
| Fortress | 4 | |
| Watch Tower | 41 | |
| Great Hall | 3 | |
| Beastiary | 6 | |
67 total
» build order
00:10 Orc Burrow
00:52 Altar of Storms
00:55 Barracks
01:24 Orc Burrow
01:55 Orc Burrow
02:17 Voodoo Lounge
02:46 Orc Burrow
04:54 Stronghold
04:54 Stronghold
06:21 War Mill
07:38 Fortress
07:38 Fortress
07:42 Watch Tower
07:44 Watch Tower
07:48 Great Hall
07:59 Watch Tower
08:09 Watch Tower
08:35 Beastiary
08:36 Beastiary
09:11 Watch Tower
09:14 Watch Tower
12:47 Beastiary
12:50 Beastiary
12:54 Beastiary
12:55 Beastiary
15:07 Watch Tower
15:08 Watch Tower
15:10 Watch Tower
15:12 Watch Tower
15:16 Watch Tower
17:26 Orc Burrow
17:27 Orc Burrow
18:46 Great Hall
19:29 Watch Tower
19:31 Watch Tower
19:52 Watch Tower
21:25 Watch Tower
21:32 Watch Tower
21:33 Watch Tower
21:34 Watch Tower
21:38 Watch Tower
22:10 Watch Tower
22:14 Watch Tower
22:19 Watch Tower
22:22 Watch Tower
23:05 Watch Tower
23:17 Watch Tower
25:20 Watch Tower
25:23 Watch Tower
25:26 Watch Tower
25:57 Watch Tower
26:00 Watch Tower
29:54 Orc Burrow
30:18 Watch Tower
30:21 Watch Tower
30:23 Watch Tower
30:24 Watch Tower
30:26 Watch Tower
42:32 Great Hall
42:34 Watch Tower
42:35 Watch Tower
42:35 Watch Tower
42:36 Watch Tower
42:36 Watch Tower
42:36 Watch Tower
» items
| Healing Salve | 13 | |
| Lesser Clarity Potion | 15 | |
| Mechanical Critter | 2 | |
| Orb of Lightning | 3 | |
| Scroll of Town Portal | 7 | |
| Tiny Great Hall | 1 | |
| Potion of Mana | 4 | |
45 total
MERRYXMAS-JEWS (
blue | 93 APM | 4018 actions | 43:00)
7 Blademaster
3 Wind Walk
3 Critical Strike
1 Bladestorm
» actions
| Assign group hotkey | 91 | |
| Basic commands | 1 | |
| Build / train | 64 | |
| Enter build submenu | 22 | |
| Enter hero's abilities submenu | 7 | |
| Give item / drop item | 1 | |
| Remove unit from queue | 1 | |
| Right click | 1902 | |
| Select / deselect | 276 | |
| Select group hotkey | 1480 | |
| Use ability | 173 | |
4018 total
» units
| Peon | 8 | |
| Goblin Shredder | 3 | |
| Wind Rider | 7 | |
| Raider | 1 | |
| Troll Batrider | 7 | |
26 total
» upgrades
| Ranged Weapons | 2 | |
| Armor | 2 | |
| Reinforced Defenses | 1 | |
| Envenomed Spears | 1 | |
| Liquid Fire | 1 | |
| Ensnare | 1 | |
8 total
» buildings
| Altar of Storms | 1 | |
| Orc Burrow | 6 | |
| Voodoo Lounge | 1 | |
| Stronghold | 1 | |
| War Mill | 1 | |
| Watch Tower | 27 | |
| Beastiary | 3 | |
| Great Hall | 1 | |
| Fortress | 2 | |
| Altar of Elders | 1 | |
44 total
» build order
00:07 Altar of Storms
00:21 Orc Burrow
01:34 Voodoo Lounge
01:54 Stronghold
02:06 Orc Burrow
02:26 Orc Burrow
02:46 War Mill
03:23 Orc Burrow
04:14 Watch Tower
04:44 Beastiary
04:45 Beastiary
06:03 Great Hall
06:13 Fortress
06:14 Fortress
06:32 Watch Tower
06:33 Watch Tower
06:47 Watch Tower
07:44 Watch Tower
07:46 Watch Tower
07:47 Watch Tower
07:56 Watch Tower
08:17 Beastiary
10:00 Watch Tower
10:00 Watch Tower
10:01 Watch Tower
10:01 Watch Tower
12:24 Watch Tower
12:24 Watch Tower
14:12 Orc Burrow
14:12 Orc Burrow
21:51 Watch Tower
21:51 Watch Tower
21:51 Watch Tower
21:52 Watch Tower
28:10 Watch Tower
28:10 Watch Tower
28:11 Watch Tower
28:11 Watch Tower
28:12 Watch Tower
28:13 Watch Tower
28:13 Watch Tower
28:15 Watch Tower
36:09 Altar of Elders
» items
| Healing Salve | 6 | |
| Scroll of Town Portal | 8 | |
| Orb of Lightning | 1 | |
| Lesser Clarity Potion | 1 | |
| Potion of Healing | 1 | |
17 total
team 2 (loser)
xinxi.ca (
yellow | 101 APM | 4159 actions | 41:03)
3 Demon Hunter
2 Immolation
1 Mana Burn
3 Keeper of the Grove
2 Entangling Roots
1 Thorns Aura
» actions
| Assign group hotkey | 47 | |
| Basic commands | 255 | |
| Build / train | 78 | |
| Enter build submenu | 20 | |
| Enter hero's abilities submenu | 6 | |
| Give item / drop item | 1 | |
| Remove unit from queue | 3 | |
| Right click | 1315 | |
| Select / deselect | 611 | |
| Select group hotkey | 1662 | |
| Use ability | 160 | |
4159 total
» units
| Wisp | 12 | |
| Archer | 2 | |
| Dryad | 1 | |
| Druid of the Claw | 9 | |
| Hippogryph | 11 | |
35 total
» upgrades
| Strength of the Wild | 2 | |
| Reinforced Hides | 3 | |
| Abolish Magic | 0 | |
| Druid of the Claw Training | 2 | |
| Mark of the Claw | 1 | |
8 total
» buildings
| Altar of Elders | 1 | |
| Moon Well | 7 | |
| Ancient of War | 1 | |
| Tree of Ages | 1 | |
| Hunter's Hall | 1 | |
| Ancient of Wonders | 1 | |
| Tree of Eternity | 1 | |
| Ancient of Lore | 3 | |
| Ancient of Wind | 2 | |
| Tree of Life | 2 | |
20 total
» build order
00:07 Altar of Elders
00:18 Moon Well
00:32 Ancient of War
01:30 Moon Well
02:03 Moon Well
03:09 Tree of Ages
03:12 Moon Well
03:51 Hunter's Hall
03:55 Ancient of Wonders
04:09 Moon Well
06:03 Tree of Eternity
06:10 Ancient of Lore
06:22 Ancient of Lore
12:57 Ancient of Wind
13:02 Ancient of Wind
14:34 Ancient of Lore
14:48 Moon Well
16:46 Moon Well
16:50 Tree of Life
30:06 Tree of Life
» items
| Scroll of Town Portal | 9 | |
| Potion of Healing | 3 | |
| Orb of Venom | 1 | |
13 total

»
FaNtasyK (
green | 94 APM | 3956 actions | 42:03)
4 Archmage
2 Summon Water Elemental
1 Brilliance Aura
1 Blizzard
4 Mountain King
2 Storm Bolt
1 Bash
1 Thunder Clap
» actions
| Assign group hotkey | 44 | |
| Basic commands | 402 | |
| Build / train | 215 | |
| ESC pressed | 8 | |
| Enter build submenu | 36 | |
| Enter hero's abilities submenu | 8 | |
| Give item / drop item | 3 | |
| Right click | 1203 | |
| Select / deselect | 608 | |
| Select group hotkey | 1225 | |
| Use ability | 204 | |
3956 total
» units
| Peasant | 31 | |
| Footman | 5 | |
| Rifleman | 24 | |
| Goblin Shredder | 3 | |
| Flying Machine | 20 | |
| Spell Breaker | 3 | |
| Ice Troll Berserker | 12 | |
| Priest | 1 | |
| Knight | 1 | |
| Siege Engine | 2 | |
102 total
» upgrades
| Defend | 1 | |
| Long Rifles | 1 | |
| Gunpowder | 2 | |
| Magic Sentry | 1 | |
| Flying Machine Bombs | 1 | |
| Flak Cannons | 1 | |
| Barrage | 1 | |
8 total
» buildings
| Altar of Kings | 1 | |
| Barracks | 3 | |
| Farm | 11 | |
| Lumber Mill | 1 | |
| Scout Tower | 5 | |
| Arcane Tower | 5 | |
| Town Hall | 4 | |
| Guard Tower | 20 | |
| Keep | 5 | |
| Arcane Vault | 1 | |
| Blacksmith | 1 | |
| Arcane Sanctum | 1 | |
| Workshop | 2 | |
| Castle | 3 | |
63 total
» build order
00:15 Altar of Kings
00:20 Barracks
00:35 Farm
00:51 Farm
01:47 Lumber Mill
02:01 Farm
02:25 Scout Tower
02:49 Farm
02:57 Arcane Tower
02:58 Arcane Tower
05:28 Town Hall
05:34 Scout Tower
05:37 Scout Tower
05:41 Scout Tower
05:43 Scout Tower
06:33 Guard Tower
06:33 Guard Tower
06:36 Arcane Tower
06:37 Guard Tower
06:37 Guard Tower
06:38 Guard Tower
06:38 Guard Tower
06:58 Keep
06:58 Keep
06:58 Keep
06:58 Keep
07:05 Arcane Vault
08:08 Blacksmith
08:11 Barracks
08:23 Barracks
09:04 Farm
09:23 Arcane Sanctum
09:29 Workshop
12:11 Castle
12:11 Castle
12:17 Farm
12:18 Farm
12:19 Farm
12:24 Farm
12:57 Farm
15:45 Guard Tower
15:46 Guard Tower
15:48 Guard Tower
15:48 Guard Tower
16:47 Guard Tower
16:47 Guard Tower
16:48 Guard Tower
16:48 Guard Tower
16:55 Farm
18:58 Workshop
26:08 Town Hall
34:41 Town Hall
35:00 Town Hall
» items
| Scroll of Regeneration | 3 | |
| Potion of Healing | 6 | |
| Ivory Tower | 4 | |
| Scroll of Town Portal | 3 | |
| Staff of Sanctuary | 2 | |
| Orb of Fire | 1 | |
19 total
Dorian12 (
orange | 51 APM | 2163 actions | 42:40)
5 Paladin
3 Holy Light
2 Devotion Aura
4 Mountain King
2 Storm Bolt
2 Bash
4 Archmage
2 Blizzard
2 Brilliance Aura
» actions
| Assign group hotkey | 53 | |
| Basic commands | 257 | |
| Build / train | 80 | |
| ESC pressed | 2 | |
| Enter build submenu | 25 | |
| Enter hero's abilities submenu | 13 | |
| Give item / drop item | 2 | |
| Right click | 517 | |
| Select / deselect | 317 | |
| Select group hotkey | 790 | |
| Use ability | 107 | |
2163 total
» units
| Peasant | 8 | |
| Footman | 7 | |
| Goblin Shredder | 1 | |
| Knight | 3 | |
| Siege Engine | 9 | |
28 total
» upgrades
| Defend | 1 | |
| Plating | 3 | |
| Animal War Training | 2 | |
| Swords | 2 | |
| Masonry | 1 | |
| Barrage | 1 | |
| Gunpowder | 3 | |
13 total
» buildings
| Farm | 13 | |
| Barracks | 1 | |
| Altar of Kings | 1 | |
| Scout Tower | 3 | |
| Arcane Tower | 1 | |
| Arcane Vault | 2 | |
| Blacksmith | 1 | |
| Lumber Mill | 1 | |
| Guard Tower | 1 | |
| Keep | 1 | |
| Castle | 1 | |
| Workshop | 2 | |
28 total
» build order
00:44 Farm
00:49 Barracks
00:52 Altar of Kings
01:12 Farm
01:32 Scout Tower
01:56 Farm
02:01 Arcane Tower
02:12 Farm
02:49 Arcane Vault
02:51 Arcane Vault
02:59 Blacksmith
03:27 Lumber Mill
03:33 Scout Tower
03:45 Scout Tower
04:14 Farm
04:34 Guard Tower
04:38 Farm
04:43 Farm
05:30 Keep
05:41 Farm
07:51 Castle
09:54 Workshop
13:39 Workshop
16:17 Farm
16:18 Farm
16:18 Farm
16:18 Farm
16:19 Farm
» items
| Scroll of Regeneration | 3 | |
| Lesser Clarity Potion | 3 | |
| Scroll of Town Portal | 4 | |
| Potion of Healing | 2 | |
| Orb of Lightning | 2 | |
| Scroll of Speed | 2 | |
16 total
MrGrinch (
red | 41 APM | 1763 actions | 43:07)
8 Blademaster
3 Wind Walk
3 Critical Strike
1 Bladestorm
1 Mirror Image
» actions
| Assign group hotkey | 23 | |
| Basic commands | 30 | |
| Build / train | 92 | |
| Enter build submenu | 70 | |
| Enter hero's abilities submenu | 8 | |
| Give item / drop item | 6 | |
| Remove unit from queue | 1 | |
| Right click | 753 | |
| Select / deselect | 420 | |
| Select group hotkey | 173 | |
| Use ability | 187 | |
1763 total
» units
| Peon | 13 | |
| Grunt | 5 | |
| Goblin Shredder | 1 | |
| Troll Batrider | 3 | |
| Goblin Zeppelin | 1 | |
| Goblin Sapper | 9 | |
| Wind Rider | 5 | |
37 total
» upgrades
| Reinforced Defenses | 1 | |
| Ranged Weapons | 3 | |
| Armor | 3 | |
| Envenomed Spears | 1 | |
| Liquid Fire | 1 | |
| Ensnare | 1 | |
| Troll Regeneration | 1 | |
| Burning Oil | 1 | |
| Spiked Barricades | 3 | |
15 total
» buildings
| Orc Burrow | 5 | |
| Altar of Storms | 1 | |
| Barracks | 1 | |
| Voodoo Lounge | 3 | |
| Stronghold | 3 | |
| War Mill | 2 | |
| Great Hall | 4 | |
| Watch Tower | 52 | |
| Fortress | 1 | |
| Beastiary | 4 | |
76 total
» build order
00:16 Orc Burrow
00:36 Orc Burrow
01:09 Altar of Storms
01:10 Barracks
01:39 Voodoo Lounge
02:57 Stronghold
03:54 War Mill
04:07 Orc Burrow
05:19 Great Hall
05:31 Watch Tower
05:32 Watch Tower
05:37 Watch Tower
07:44 Fortress
08:13 Watch Tower
08:14 Watch Tower
08:15 Watch Tower
08:23 War Mill
11:50 Beastiary
11:51 Beastiary
11:52 Beastiary
11:56 Beastiary
12:10 Watch Tower
12:11 Watch Tower
12:12 Watch Tower
12:13 Watch Tower
12:17 Watch Tower
12:19 Watch Tower
12:21 Watch Tower
12:33 Watch Tower
12:34 Watch Tower
12:36 Watch Tower
12:38 Watch Tower
12:40 Watch Tower
13:02 Orc Burrow
18:24 Watch Tower
18:24 Watch Tower
18:24 Watch Tower
18:24 Watch Tower
18:25 Watch Tower
18:58 Watch Tower
19:00 Watch Tower
19:02 Watch Tower
19:04 Watch Tower
19:06 Watch Tower
19:30 Orc Burrow
19:46 Great Hall
20:38 Great Hall
20:43 Watch Tower
20:44 Watch Tower
20:44 Watch Tower
20:45 Watch Tower
21:00 Watch Tower
21:04 Watch Tower
21:06 Watch Tower
21:09 Watch Tower
25:11 Voodoo Lounge
27:25 Watch Tower
27:27 Watch Tower
27:27 Watch Tower
27:28 Watch Tower
27:28 Watch Tower
27:32 Watch Tower
27:44 Watch Tower
27:44 Watch Tower
31:04 Great Hall
31:07 Watch Tower
31:07 Watch Tower
31:08 Watch Tower
31:09 Watch Tower
31:09 Watch Tower
31:09 Watch Tower
31:11 Voodoo Lounge
31:17 Watch Tower
31:18 Watch Tower
38:50 Stronghold
38:53 Stronghold
» items
| Healing Salve | 7 | |
| Potion of Healing | 2 | |
| Potion of Mana | 4 | |
| Lesser Clarity Potion | 4 | |
| Scroll of Town Portal | 5 | |
| Orb of Venom | 1 | |
| Orb of Lightning | 2 | |
25 total
Chat log
(00:37 / Allies) Dorian12: what you got red?
(00:43 / Allies) MrGrinch: wyvs
(00:54 / Allies) Dorian12: knights
(01:32 / Allies) FaNtasyK: which hero oj
(01:41 / Allies) Dorian12: pallie
(02:01 / Allies) MrGrinch: CALLING IT
(02:03 / Allies) MrGrinch: DOUBLE STAMPED
(02:05 / Allies) MrGrinch: NO TAKE BACKS
(02:15 / Allies) Dorian12: a-ok
(05:59 / All) SurpriseXmasGft: bash spells and shit are so gay
(06:17 / All) SurpriseXmasGft: lol yellow
(08:44 / Allies) FaNtasyK: b
(08:46 / Allies) FaNtasyK: b
(09:13 / Allies) Dorian12: fucked in so many ways
(09:19 / Allies) Dorian12: i needed that shredder
(09:23 / Allies) Dorian12: oh well
(09:26 / Allies) Dorian12: an i havne't exapnedd
(10:14 / Allies) MrGrinch: that doesn't stack
(10:22 / Allies) MrGrinch: if you get evasion
(10:26 / Allies) xinxi.ca: i know
(11:37 / Allies) Dorian12: 4.6k?
(11:37 / Allies) MrGrinch: lel
(11:38 / Allies) Dorian12: nice
(11:55 / All) MERRYXMAS-JEWS: ROMA VICTOR
(13:03 / Allies) FaNtasyK: expo now yellow
(13:13 / Allies) xinxi.ca: k
(13:15 / Allies) FaNtasyK: lets meet and hit them
(13:22 / Allies) Dorian12: omw
(14:14 / Allies) MrGrinch: zep
(14:19 / All) SurpriseXmasGft: purple copying our strat kliol
(14:45 / All) MrGrinch: lol purp mh
(15:32 / Allies) MrGrinch: shit you took the orb
(15:39 / Allies) Dorian12: feel free to mine it beforee they do
(15:57 / All) MrGrinch: LOL
(15:57 / Allies) Dorian12: aa
(16:07 / All) MrGrinch: LOL
(16:09 / All) MrGrinch: pourple
(16:11 / All) MrGrinch: Got your heroes
(16:18 / All) MrGrinch: Thanks for the laugh
(17:33 / Allies) Dorian12: should just hit pink
(17:36 / Allies) xinxi.ca: go
(17:38 / Allies) MrGrinch: lets hit teal
(17:41 / Allies) Dorian12: GO
(17:48 / Allies) Dorian12: SO FUCKING FAR
(17:57 / Allies) Dorian12: BEHIND US
(18:46 / Allies) Dorian12: im oiut for now
(19:53 / Allies) Dorian12: BATS
(20:07 / Allies) Dorian12: EXPLODRED ???
(20:28 / Allies) FaNtasyK: meet first
(20:32 / Allies) Dorian12: tanks
(20:35 / Allies) FaNtasyK: expo oj
(21:08 / Allies) Dorian12: GO?
(21:10 / Allies) Dorian12: hit bljuie
(21:22 / Allies) MrGrinch: wyvs are weak let's hit chimbot
(21:27 / Allies) FaNtasyK: meet first
(22:39 / Allies) Dorian12: o monywe
(22:40 / Allies) Dorian12: no more tanks
(22:51 / Allies) Dorian12: no money
(22:52 / Allies) Dorian12: no more tanks
(22:59 / Allies) Dorian12: FINE
(23:00 / Allies) Dorian12: ltes go
(23:03 / Allies) Dorian12: goddamm it
(23:51 / All) SurpriseXmasGft: nice toggle formation yellow
(24:01 / All) SurpriseXmasGft: the dots near ur minimap make u go faster
(25:32 / Allies) FaNtasyK: dont go alone
(25:47 / Allies) FaNtasyK: tp out
(26:16 / Allies) Dorian12: im' staying in greens bawse
(26:35 / Allies) FaNtasyK: b
(26:35 / Allies) FaNtasyK: b
(26:57 / Allies) Dorian12: 3k red
(27:07 / Allies) Dorian12: jesus
(27:10 / Allies) Dorian12: and diong shit
(27:15 / Allies) FaNtasyK: gold please red
(27:36 / Allies) Dorian12: AA
(27:58 / Allies) Dorian12: i'm staying in
(28:13 / Allies) Dorian12: red can win in it on his own
(28:14 / All) MrGrinch: don't whiz on the electric fence
(28:18 / Allies) FaNtasyK: gold please red
(28:27 / Allies) Dorian12: no don't ask for gold
(28:31 / Allies) Dorian12: he will win it on his own
(28:50 / Allies) Dorian12: an d then yellow goes on his own w/o me :P
(28:53 / Allies) FaNtasyK: oj come
(29:33 / Allies) Dorian12: oH RED
(29:35 / Allies) Dorian12: is on ojur side :P
(29:44 / Allies) xinxi.ca: gold?
(29:55 / Allies) Dorian12: he scared me :P
(30:07 / Allies) Dorian12: cloud would b enice
(30:09 / Allies) xinxi.ca: ty green
(30:11 / Allies) Dorian12: mass air
(30:12 / Allies) Dorian12: we fucked
(30:28 / Allies) Dorian12: n o bats
(30:29 / Allies) Dorian12: shit man
(30:40 / Allies) Dorian12: easier???
(30:45 / Allies) FaNtasyK: no
(30:52 / Allies) Dorian12: readsy whneeve
(31:00 / Allies) Dorian12: fine
(31:03 / Allies) Dorian12: thye come i die
(31:04 / Allies) Dorian12: no tp
(31:08 / Allies) FaNtasyK: no go
(31:12 / Allies) FaNtasyK: buy tp
(31:14 / Allies) Dorian12: FUCK
(31:15 / Allies) Dorian12: no moneay
(31:20 / Allies) xinxi.ca: same here
(31:33 / Allies) Dorian12: we casme and now leave
(31:34 / Allies) Dorian12: sad
(31:48 / Allies) FaNtasyK: red go with us
(31:55 / Allies) MrGrinch: lets kill purple base
(32:00 / Allies) Dorian12: he'll lose
(32:01 / Allies) Dorian12: no bats
(32:06 / Allies) FaNtasyK: go together
(32:14 / Allies) MrGrinch: I have Yozshura
(32:18 / Allies) FaNtasyK: gold me red
(32:24 / Allies) Dorian12: hA
(32:32 / Allies) Dorian12: lots of bats
(32:36 / Allies) MrGrinch: It is rare that Yozshura is seen on the battlefield, a special treat for you my friends
(33:12 / All) SurpriseXmasGft: oops
(33:16 / Allies) Dorian12: luckkhy
(33:23 / All) SurpriseXmasGft: I'm blaming that one on the alcohol
(33:27 / All) Dorian12: GOOD
(33:42 / Allies) xinxi.ca: i m done now
(33:50 / Allies) Dorian12: how so
(33:55 / Allies) Dorian12: you have nice units :P
(33:56 / Allies) xinxi.ca: no more wisp
(33:58 / Allies) FaNtasyK: gold me yellow
(34:28 / Allies) FaNtasyK: dont go oj
(34:33 / Allies) FaNtasyK: stick together
(34:36 / Allies) FaNtasyK: they left 2 man
(34:41 / Allies) Dorian12: coming up to you then
(35:05 / Allies) Dorian12: i'm here
(35:07 / Allies) Dorian12: wahat now
(35:17 / Allies) Dorian12: so much air
(35:20 / Allies) FaNtasyK: gold me
(35:29 / Allies) xinxi.ca: red come up here
(36:01 / Allies) Dorian12: horrible place to stand :P
(36:25 / All) SurpriseXmasGft: WORTH IT
(36:30 / Allies) Dorian12: haa
(36:40 / All) SurpriseXmasGft: oh fuck I missed a pesant?
(36:45 / All) SurpriseXmasGft: let me fix that
(36:52 / Allies) Dorian12: he can see
(36:54 / Allies) Dorian12: we need
(37:00 / Allies) Dorian12: a chopper :P
(37:06 / Allies) Dorian12: why you kill it?
(37:16 / Allies) FaNtasyK: i didnt
(37:17 / Allies) xinxi.ca: a boomer
(37:30 / Allies) Dorian12: oh i see
(37:32 / Allies) Dorian12: that was sgood
(37:38 / Allies) Dorian12: we can't sit here forever
(37:42 / Allies) FaNtasyK: red gold me
(37:45 / Allies) Dorian12: blue and pink will have us :P
(37:55 / Allies) xinxi.ca: red where are ur units?
(38:58 / Allies) FaNtasyK: red gold me
(39:14 / Allies) FaNtasyK: i need to get units
(40:11 / Allies) Dorian12: dont let him exapnd :P
(40:14 / Allies) Dorian12: just in case
(40:22 / Allies) Dorian12: clear ;:
(40:38 / All) SurpriseXmasGft: killing your own bear lol?
(40:58 / All) MrGrinch: You're a mean one, Mr Grinch!
(40:59 / All) xinxi.ca: gg this is wasting time
(41:02 / All) MrGrinch: You really are a heel!
(41:11 / All) MrGrinch: You're as cuddly as a cactus
(41:35 / All) SurpriseXmasGft: WE need a twilight ruisn game
(41:36 / All) MrGrinch: You're as charming as an eel, Mr. Grinch
(41:37 / All) SurpriseXmasGft: with decent players
(41:45 / All) MrGrinch: You're a bad banana with a greasy black peel!!!!!
(41:49 / Allies) Dorian12: NICE
(41:57 / All) MrGrinch: You're a monster, Mr Grinch
(42:04 / All) MrGrinch: Your heart's an empty hole
(42:09 / All) MrGrinch: You're brain is full of spiders
(42:15 / All) MrGrinch: You've got garlic, Mr. Grinch
(42:22 / All) MrGrinch: I wouldn't touch you wtih a 39 and a half foot pole
(42:44 / All) SurpriseXmasGft: who team loses
(42:47 / All) MrGrinch: Well that was not fun!
(42:48 / All) MrGrinch: Mine
(42:52 / All) MERRYXMAS-JEWS: k
(42:55 / All) MrGrinch: They let like dominos